 Dungeon Crawl Stone Soup version 0.27-a0-1384-g1422d76b99 (webtiles) character file.

Game seed: 11024867337965059103

14 dickylongcocking the Magician (level 2, 13/22 HPs)
             Began as a Djinni Wanderer on July 1, 2021.
             Quit the game on level 1 of the Dungeon.
             The game lasted 00:00:30 (506 turns).

dickylongcocking the Magician (Djinni Wanderer)      Turns: 506, Time: 00:00:30

Health: 13/22      AC:  3    Str: 10    XL:     2   Next: 55%
Gold:   39         EV: 10    Int: 15    God:
                   SH:  0    Dex: 11

rFire    + + .     SeeInvis .   a - +2 dagger
rCold    x . .     Faith    .   (no shield)
rNeg     . . .     Spirit   .   d - +0 leather armour
rPois    ∞         Reflect  .   (no helmet)
rElec    .         Harm     .   (no cloak)
rCorr    .         Rampage  .   (no gloves)
Will     .....                  (boots unavailable)
Stlth    +.........             (no amulet)
HPRegen  0.07/turn              (no ring)
MPRegen  0.00/turn              (no ring)

@: flying
A: sickness immunity, fire resistance 2, cold vulnerability 1, float, innate
caster, hp casting, extra vitality 1
a: no special abilities


You were on level 1 of the Dungeon.
You visited 1 branch of the dungeon, and saw 1 of its levels.

You collected 39 gold pieces.

Inventory:

Hand Weapons
 a - a +2 dagger (weapon)
 g - a +0 quarterstaff
Armour
 c - a +0 robe
 d - a +0 leather armour (worn)
Scrolls
 b - a scroll of fear
 e - a scroll of identify {unknown}
 f - a scroll of immolation {unknown}


   Skills:
 + Level 0.3 Fighting
 + Level 1.5 Stealth
 + Level 6.8 Spellcasting


You had 6 spell levels left.
You knew the following spells:

 Your Spells              Type           Power      Damage    Failure   Level
a - Ignite Poison         Fire/Tmut/Pois 25%        N/A       3%          3
b - Foxfire               Conj/Fire      100%       2x1d9     1%          1
c - Ignite Poison         Fire/Tmut/Pois 25%        N/A       3%          3
d - Foxfire               Conj/Fire      100%       2x1d9     1%          1

Your spell library contained the following spells:

 Spells                   Type           Power      Damage    Failure   Level


Dungeon Overview and Level Annotations

Branches:
Dungeon (1/15)

Altars:


Innate Abilities, Weirdness & Mutations

You are immune to sickness and miasma.
You are immune to poison.
Your flesh is very heat resistant. (rF++)
You are vulnerable to cold. (rC-)
You float through the air rather than walking.
You learn spells naturally, not from books.
Your magical power is your life essence.
You have superior vitality. (+4 HP)


Message History

a +0 dagger; a goblin corpse No target in view!
No target in view!
A quokka comes into view.
A quokka is nearby!
The quokka twitches its whiskers.
A quokka is nearby!
You closely miss the quokka. The quokka barely misses you.
A quokka is nearby!
You barely miss the quokka.
The quokka bites you but does no damage.
You miss the quokka. The quokka bites you.
The quokka bites you but does no damage.
Nothing quivered!
You hit the quokka.
The quokka is moderately wounded.
The quokka bites you.
Nothing quivered!
Your leather armour prevents you from hitting the quokka.
The quokka is moderately wounded.
The quokka barely misses you.
A quokka is nearby!
You hit the quokka but do no damage.
The quokka is moderately wounded.
The quokka barely misses you.
A quokka is nearby!
A quokka is nearby!
You hit the quokka.
The quokka is heavily wounded.
The quokka barely misses you.
A quokka is nearby!
You closely miss the quokka.
The quokka is heavily wounded.
The quokka bites you. The quokka barely misses you.
Are you sure you want to abandon this character and quit the game? (Confirm with "yes".)
Okay, then.
Unknown command.
Unknown command.
Unknown command.
Are you sure you want to abandon this character and quit the game? (Confirm with "yes".)

############
#..........#
#.###...#### #...####
#....... #..#####
.################.......
......r@............####
........................
.####+##########....####
#....# #....# #....#
#....#### #........
####### ####..#.....


You could see a quokka.

Vanquished Creatures
  2 ball pythons (D:1)
  An endoplasm (D:1)
  3 goblins (D:1)
  4 hobgoblins (D:1)
  A bat (D:1)
  A kobold (D:1)
12 creatures vanquished.

Vanquished Creatures (others)
  16 foxfires (D:1)
16 creatures vanquished.

Grand Total: 28 creatures vanquished

Notes
Turn   | Place    | Note
-------+----------+-------------------------------------------
     0 | D:1      | dickylongcocking the Djinni Wanderer began the quest for
                  | the Orb.
     0 | D:1      | Reached XP level 1. HP: 15/15 MP: 0/0
    36 | D:1      | Reached XP level 2. HP: 15/21 MP: 0/0
   506 | D:1      | Quit the game

Illustrated notes

Levels and vault maps discovered:
D:1:      nicolae_arrival_memento_mori, layout_basic,
          shapermc_ecumenical_altar_mp_ritualfount, serial_bayou_pond_d

Action                   || total
-------------------------++-------
Melee: Dagger            ||    25
 Cast: Foxfire           ||     8
Armor: Leather armour    ||     9
Dodge: Dodged            ||    30

Table legend: (Time is in decaauts)
 A = Elapsed time spent in this place.
 B = Non-inter-level travel time spent in this place.
 C = Inter-level travel time spent in this place.
 D = Time resting spent in this place.
 E = Time spent auto-exploring this place.
 F = Levels seen in this place.
 G = Mean time per level.
                   A        B        C        D        E       F      G
               +--------+--------+--------+--------+--------+-----+--------+
         Total |    505 |    505 |      0 |      0 |    422 |   1 |  505.0 |
       Dungeon |    505 |    505 |      0 |      0 |    422 |   1 |  505.0 |
               +--------+--------+--------+--------+--------+-----+--------+

Top non-repeatable levels by time:
     D:1: 505 daAuts
